 Dungeon Crawl Stone Soup version 0.28.0-43-g3370ac3207 (webtiles) character file.

Game seed: 5238058001900498491

1229 crimpus the Covered (level 8, -1/67 (70) HPs)
             Began as a Minotaur Fighter on Mar 24, 2022.
             Was an Initiate of Okawaru.
             Slain by a wight
             ... wielding a +3 battleaxe of freezing
              (7 damage)
             ... on level 6 of the Dungeon.
             The game lasted 00:07:27 (5122 turns).

crimpus the Covered (Minotaur Fighter)              Turns: 5122, Time: 00:07:28

HP:   -1/67 (70)    AC: 13    Str: 22    XL:     8   Next: 24%
MP:   7/7           EV:  6    Int:  5    God:    Okawaru [......]
Gold: 208           SH:  0    Dex: 15    Spells: 7/7 levels left

rFire   . . .      SeeInvis .   j - +8 quarterstaff "Bonit" {vorpal, rElec rN+ Dex+4}
rCold   . . .      Faith    .   (shield currently unavailable)
rNeg    + . .      Spirit   .   p - +0 plate armour
rPois   .          Reflect  .   (helmet restricted)
rElec   +          Harm     .   (no cloak)
rCorr   .          Rampage  .   (no gloves)
Will    .....                   (no boots)
Stlth   ..........              (no amulet)
HPRegen 0.21/turn               (no ring)
MPRegen 0.10/turn               (no ring)

@: lightly drained
A: horns 2, retaliatory headbutt
a: Renounce Religion


You were on level 6 of the Dungeon.
You worshipped Okawaru.
Okawaru was noncommittal.
You visited 1 branch of the dungeon, and saw 6 of its levels.

You collected 208 gold pieces.

Inventory:

Hand Weapons
 a - a +0 war axe
 f - a +4 whip of flaming
 j - the +8 quarterstaff "Bonit" (weapon) {vorpal, rElec rN+ Dex+4}
   (You found it on level 5 of the Dungeon)

   It inflicts extra damage upon your enemies.
   Dex:       It affects your dexterity (+4).
   rElec:     It insulates you from electricity.
   rN:        It protects you from negative energy.
Armour
 c - a +0 buckler
 p - a +0 plate armour (worn)
Wands
 b - a wand of acid (9)
 l - a wand of flame (16)
Scrolls
 e - 2 scrolls of teleportation
 g - a scroll of fear {unknown}
Potions
 d - a potion of might
 h - a potion of flight
 k - a potion of berserk rage
 n - 2 potions of heal wounds
 o - a potion of curing
 q - 2 potions of brilliance {unknown}


   Skills:
 + Level 5.6 Fighting
 - Level 2.4(5.1) Axes
 + Level 7.1(7.4) Maces & Flails
 + Level 1.5(4.7) Staves
 + Level 7.9 Armour
 + Level 5.3 Shields


You had 7 spell levels left.
You didn't know any spells.
Your spell library contained the following spells:

 Spells                   Type           Power      Damage    Failure   Level
 Dazzling Flash           Conj/Hex       0%         N/A       100%        3
 Iskenderun's Mystic Bla  Conj/Tloc      0%         2d3       100%        4
 Starburst                Conj/Fire      0%         6d3       100%        6


Dungeon Overview and Level Annotations

Branches:
Dungeon (6/15)             Temple (0/1) D:6

Altars:
Fedhas
Hepliaklqana
Okawaru

Shops:
D:5 *


Innate Abilities, Weirdness & Mutations

You have a pair of horns on your head.
You reflexively headbutt those who attack you in melee.


Message History

Things that are here:
a +0 halberd of freezing; a +0 robe An adder and 2 wights come into view.
A wight is wielding a +5 hand axe of freezing.
A wight is wielding a +3 battleaxe of freezing.
The adder hisses angrily.
The wight moves out of view. x2
Things that are here:
a +0 halberd of freezing; a +0 robe
Things that are here:
a +5 great sword of freezing; a +0 robe The adder bites you.
Things that are here:
a +5 great sword of freezing; a +0 robe You hit the adder.
The adder is severely wounded.
The adder bites you but does no damage.
You hit the adder.
You kill the adder!
Okawaru accepts your kill.
You closely miss the wight. The wight barely misses you.
You sock the wight! You headbutt the wight!
You destroy the wight!
Okawaru accepts your kill.
You thump the wight!
The wight is almost destroyed.
The wight hits you with a +3 battleaxe of freezing.
You partially resist.
You feel drained. The wight freezes you.
You barely miss the wight. Your headbutt misses the wight.
The wight is almost destroyed.
The wight hits you with a +3 battleaxe of freezing!
* * * LOW HITPOINT WARNING * * *
You partially resist.
You feel drained.
* * * LOW HITPOINT WARNING * * *
The wight freezes you.
* * * LOW HITPOINT WARNING * * *
You feel much better.
The wight hits you with a +3 battleaxe of freezing!!
* * * LOW HITPOINT WARNING * * *
The wight freezes you!
You die...

## ### .# #.. .## #.# ..
#.# ##. #. #.#
.....#.######.######
#.....z@.........#
#......######..###.#
#.#.#.. #..# ...... #..# .
#.#..######..###### #
...................####.#
..###########.......<....#
.. ..........[.........
############.####..#####


You could see a wight.

Vanquished Creatures
  A water moccasin (D:5)
  A black bear (D:4)
  2 necrophages
  An ogre (D:6)
  A phantom (D:4)
  Blork the orc (D:4)
  2 scorpions (D:4)
  3 wights (D:6)
  A howler monkey (D:2)
  A centaur skeleton (D:5)
  3 hounds (D:5)
  A bullfrog skeleton (D:5)
  An iguana (D:6)
  6 adders
  A shadow imp (D:4)
  A white imp (D:6)
  6 worms
  A dart slug (D:4)
  4 orcs (D:3)
  11 endoplasms
  6 giant cockroaches
  12 hobgoblins
  4 jackals (D:3)
  7 kobolds
  A quokka (D:1)
  10 ball pythons
  8 bats
  3 frilled lizards
  6 goblins
  3 rats
109 creatures vanquished.

Notes
Turn   | Place    | Note
-------+----------+-------------------------------------------
     0 | D:1      | crimpus the Minotaur Fighter began the quest for the Orb.
     0 | D:1      | Reached XP level 1. HP: 19/19 MP: 0/0
   203 | D:1      | Reached XP level 2. HP: 27/27 MP: 1/1
   796 | D:2      | Reached XP level 3. HP: 30/33 MP: 2/2
   903 | D:2      | Reached skill level 1 in Maces & Flails
  1195 | D:2      | Reached XP level 4. HP: 41/41 MP: 3/3
  1857 | D:3      | Reached skill level 5 in Armour
  1947 | D:3      | Reached XP level 5. HP: 43/47 MP: 4/4
  2138 | D:3      | You fall into a shaft and drop 3 floors!
  2152 | D:5      | Entered Level 5 of the Dungeon
  2453 | D:3      | Found a hazy altar of Hepliaklqana.
  2931 | D:4      | Noticed a necrophage
  2938 | D:4      | Killed a necrophage
  2939 | D:4      | Reached XP level 6. HP: 43/55 MP: 5/5
  3058 | D:4      | Noticed Blork the orc
  3068 | D:4      | Killed Blork the orc
  3180 | D:4      | Reached skill level 5 in Fighting
  3180 | D:4      | Reached skill level 5 in Maces & Flails
  3312 | D:4      | Reached XP level 7. HP: 58/61 MP: 6/6
  3696 | D:5      | Reached skill level 5 in Shields
  3927 | D:5      | Identified the +8 quarterstaff "Bonit" {vorpal, rElec rN+
                  | Dex+4}
  4132 | D:5      | Found Enwa's Fire Supplies.
  4270 | D:5      | Found a blossoming altar of Fedhas.
  4410 | D:5      | Found an iron altar of Okawaru.
  4437 | D:5      | Became a worshipper of Warmaster Okawaru
  4577 | D:6      | Reached XP level 8. HP: 30/69 MP: 7/7
  5045 | D:6      | Found a staircase to the Ecumenical Temple.
  5107 | D:6      | Reached skill level 1 in Staves
  5122 | D:6      | Slain by a wight

Illustrated notes

Levels and vault maps discovered:
D:1:      minmay_arrival_jagged, layout_loops_ring, minmay_misc_feat_cross
D:2:      layout_loops_cross
D:3:      layout_basic, nicolae_hepliaklqana_hippocampus
D:4:      layout_rooms, uniq_blork_the_orc
D:5:      layout_loops_ring, kennysheep_okawaru_gauntlet, fedhas_altar_2,
          roderic_serpentine_path, nrook_mini_backslash, nicolae_shop_fire_sale
          [nicolae_sub_dead_trees], amcnicky_mini_pool_small
D:6:      layout_loops_ring, minmay_temple_entry_junction, grunt_potential

Skill      XL: |  1  2  3  4  5  6  7  8 |
---------------+-------------------------+-----
Fighting       | 4 5 |  5.6
Shields        | 4 5 |  5.3
Armour         | 4 5 6 7 |  7.9
Maces & Flails | 1 2 4 5 6 7 |  7.1
Staves         | 1 |  1.5
Axes           | |  2.4

Action                   |  1- 3 |  4- 6 |  7- 9 || total
-------------------------+-------+-------+-------++-------
Melee: Whip              |    75 |   107 |    45 ||   227
       War axe           |     3 |       |       ||     3
       Headbutt          |    10 |    13 |    13 ||    36
       Quarterstaff      |       |       |    30 ||    30
  Use: Scroll            |       |       |     9 ||     9
       Potion            |       |       |     1 ||     1
Armor: Scale mail        |     3 |       |       ||     3
       Chain mail        |    36 |    40 |     6 ||    82
       Plate armour      |       |       |    48 ||    48
Dodge: Dodged            |    25 |    32 |    23 ||    80
Block: Buckler           |    14 |    19 |     5 ||    38
